[Event "Early-Titled-Tuesday-Blitz-February-27-2024"]
[Site "Chess.com"]
[Date "2024.02.27"]
[Round "3"]
[White "LLariMarc"]
[Black "JAN2404"]
[Result "1-0"]
[WhiteElo "2323"]
[BlackElo "1962"]
[TimeControl "180+1"]
[EndTime "8:25:53 PST"]
[Termination "LLariMarc won on time"]

1. d4 Nf6 2. Nf3 g6 3. c4 Bg7 4. Nc3 O-O 5. g3 d6 6. Bg2 Nbd7 7. O-O e5 8. dxe5 dxe5 9. Bg5 c6 10. Nd2 h6 11.
Bxf6 Nxf6 12. Nde4 Nxe4 13. Nxe4 Qb6 14. Qb3 Be6 15. Qxb6 axb6 16. Nd6 Rfd8 17. Nxb7 Rd2 18. Bxc6 Rxb2 19. Nc5 Rc8 20. Nxe6 Rxc6 21. Nxg7 Kxg7 22. e3 Rxc4 23. Rfb1 Rxb1+ 24. Rxb1 Ra4 25. Rb2 b5 26. Kf1 Kf6 27. Ke2 Kg5 28. h4+ Kf5 29. Kd3 Ra3+ 30. Kc2 Ke4 31. Kb1 Ra5 32. Rd2 Ra7 33. Kb2 Rc7 34.
Kb3 Rc4 35. Rd7 f6 36. Rd6 Kf5 37. f3 h5 38. e4+ 1-0

[Event "Early-Titled-Tuesday-Blitz-February-27-2024"]
[Site "Chess.com"]
[Date "2024.02.27"]
[Round "3"]
[White "romulocardoso"]
[Black "Korchmar_Vasiliy"]
[Result "1-0"]
[WhiteElo "2327"]
[BlackElo "2704"]
[TimeControl "180+1"]
[EndTime "8:25:56 PST"]
[Termination "romulocardoso won by resignation"]

1. e4 c5 2. Nf3 a6 3. d4 cxd4 4. Nxd4 e5 5. Nb3 Nf6 6. Nc3 Bb4 7. Bd3 d5 8. Bg5 dxe4 9. Bxf6 Qxf6 10. Bxe4 O-O 11.
O-O Bxc3 12. bxc3 Nc6 13. Qf3 Qxf3 14. Bxf3 Bf5 15. Nc5 Bxc2 16. Nxb7 Rac8 17. Rac1 Bd3 18. Rfd1 e4 19. Nc5 exf3 20. Rxd3 fxg2 21. Nxa6 Ra8 22.
Nc5 Rxa2 23. Kxg2 Re8 24. Rd6 Ne5 25. Re1 f6 26. Nd7 Rc2 27. Rxf6 gxf6 28. Nxf6+ Kf7 29. Nxe8 Nd3 30. Nd6+ Kg6 31. Re3 Nxf2 32. Rg3+ Kf6 33. Rf3+ Ke5 34. Rxf2 Rxc3 35. Nf7+ Ke4 36. Ng5+ Ke3 37.
Rf3+ 1-0

[Event "Early-Titled-Tuesday-Blitz-February-27-2024"]
[Site "Chess.com"]
[Date "2024.02.27"]
[Round "3"]
[White "CaspiIsrael"]
[Black "dretch"]
[Result "0-1"]
[WhiteElo "2675"]
[BlackElo "2887"]
[TimeControl "180+1"]
[EndTime "8:25:57 PST"]
[Termination "dretch won by resignation"]

1. d4 d5 2. c4 c6 3. e3 Bf5 4. Nc3 e6 5. Bd3 Bxd3 6. Qxd3 Nd7 7. Nf3 Ngf6 8. O-O Bb4 9. Bd2 a5 10. a3 Be7 11. e4 Nc5 12. dxc5 dxe4 13. Qxd8+ Rxd8 14. Be3 exf3 15. gxf3 Nd7 16. b4 Ne5 17. Kg2 Nxc4 18.
Bf4 e5 19. Bc1 O-O 20. Rb1 axb4 21. axb4 Rd3 22. Ne4 f5 23. Ng3 g6 24. Re1 Ra8 25. Bh6 Ra2 26. Rbc1 Rd4 27. Ne2 Rh4 28. Be3 Nxe3+ 29.
fxe3 Rxb4 30. Kg3 Bh4+ 0-1

[Event "Early-Titled-Tuesday-Blitz-February-27-2024"]
[Site "Chess.com"]
[Date "2024.02.27"]
[Round "3"]
[White "Eagle_2019"]
[Black "marcodobrikov"]
[Result "1-0"]
[WhiteElo "2897"]
[BlackElo "2600"]
[TimeControl "180+1"]
[EndTime "8:25:57 PST"]
[Termination "Eagle_2019 won by checkmate"]

1. d4 d6 2. Nf3 Nf6 3. c4 g6 4. g3 Bg7 5. Bg2 O-O 6. O-O Nbd7 7.
Nc3 Nb6 8. b3 a5 9. e4 a4 10.
Be3 axb3 11. axb3 Rxa1 12. Qxa1 c5 13. dxc5 Nxe4 14. cxb6 Bxc3 15. Qc1 Ba5 16. Nd4 Nf6 17. Nb5 Bxb6 18. Bxb6 Qxb6 19. Re1 Bd7 20. Rxe7 Bc6 21. Bxc6 bxc6 22. Nxd6 Qxb3 23. Qa1 Qf3 24. Re3 Qg4 25. Qxf6 Qd1+ 26. Kg2 h5 27. Ne4 Qc2 28. Qc3 Qd1 29. Nf6+ Kh8 30. Nd7+ Kg8 31. Nxf8 Kxf8 32. Qh8# 1-0

[Event "Early-Titled-Tuesday-Blitz-February-27-2024"]
[Site "Chess.com"]
[Date "2024.02.27"]
[Round "3"]
[White "arnash_bauyrzhan"]
[Black "azikom"]
[Result "0-1"]
[WhiteElo "2305"]
[BlackElo "2617"]
[TimeControl "180+1"]
[EndTime "8:25:58 PST"]
[Termination "azikom won by resignation"]

1. e4 c5 2. Nf3 e6 3. d4 cxd4 4. Nxd4 a6 5. Bd3 Nc6 6. Be3 Nf6 7. O-O Qc7 8. c4 Bd6 9. h3 Bh2+ 10. Kh1 Be5 11. Nxc6 dxc6 12. Nc3 Bf4 13. Qf3 Bxe3 14. Qxe3 e5 15. c5 Be6 16. Na4 Rd8 17. Nb6 Rd4 18. Rad1 O-O 19. Bc2 Rfd8 20. Rxd4 Rxd4 21. Rd1 Rxd1+ 22.
Bxd1 Bxa2 23. Qd3 Be6 24. Nc4 Bxc4 25. Qxc4 Qd7 26. Bb3 g6 27. Kh2 Kg7 28. Qc3 Qd4 29. Qxd4 exd4 30. e5 Nd7 31. f4 Nxc5 32. Bc4 b5 0-1

[Event "Early-Titled-Tuesday-Blitz-February-27-2024"]
[Site "Chess.com"]
[Date "2024.02.27"]
[Round "3"]
[White "nickmatta"]
[Black "HansOnTwitch"]
[Result "0-1"]
[WhiteElo "2539"]
[BlackElo "3148"]
[TimeControl "180+1"]
[EndTime "8:26:00 PST"]
[Termination "HansOnTwitch won by resignation"]

1. d4 Nf6 2. c4 e6 3. g3 c5 4. Nf3 cxd4 5. Nxd4 Qc7 6. Nc3 a6 7. Bg2 Qxc4 8. O-O Nc6 9. Nb3 d5 10. Bf4 Qb4 11. Rc1 Be7 12. Bc7 Qg4 13. h3 Qg6 14. Na4 O-O 15. Nb6 Ra7 16. Nd4 Bd7 17. Nxd7 Nxd7 18.
Nxc6 bxc6 19. Rxc6 Rc8 20. Qc1 Nc5 21. Bb6 Rxc6 22.
Bxa7 Rc7 23. Bb6 Rc6 24. Ba7 a5 25. Rd1 Qf6 26. e4 dxe4 27. Bxe4 Rc8 28. Bb7 Rc7 29. Bxc5 Bxc5 30. Qd2 Rxb7 31. Qd8+ Qxd8 32. Rxd8+ Bf8 0-1

[Event "Early-Titled-Tuesday-Blitz-February-27-2024"]
[Site "Chess.com"]
[Date "2024.02.27"]
[Round "3"]
[White "ridnani1"]
[Black "DmitryMaximov"]
[Result "1/2-1/2"]
[WhiteElo "2411"]
[BlackElo "2779"]
[TimeControl "180+1"]
[EndTime "8:26:01 PST"]
[Termination "Game drawn by agreement"]

1. e4 c5 2. Nf3 d6 3. d4 cxd4 4.
Qxd4 a6 5. c4 Nc6 6. Qd1 Nf6 7.
Nc3 Bg4 8. Be3 Rc8 9. b3 g6 10.
Qd2 Bg7 11. Nd4 O-O 12. f3 Bd7 13. Be2 Re8 14. O-O h5 15. Rac1 Ne5 16. h3 Qa5 17.
Nd5 Qxd2 18. Bxd2 Nxd5 19. cxd5 Nc4 20. Rxc4 Rxc4 21. Bxc4 Bxd4+ 22. Kh2 Rc8 23. Rc1 Kg7 24. Bd3 Rxc1 25. Bxc1 Kf6 26. Kg3 Bc3 27. f4 e6 28.
dxe6 Bxe6 29. Kf3 b5 30. g4 hxg4+ 31. hxg4 Bd7 32. g5+ Ke7 33. f5 Be5 34. Bf4 a5 35.
Bxe5 dxe5 36. fxg6 fxg6 37. a3 Bc6 38. b4 Kd6 39. Ke3 axb4 40. axb4 Bd7 41. Kf3 1/2-1/2

[Event "Early-Titled-Tuesday-Blitz-February-27-2024"]
[Site "Chess.com"]
[Date "2024.02.27"]
[Round "3"]
[White "VladimirBugayev"]
[Black "oneshot007"]
[Result "0-1"]
[WhiteElo "2224"]
[BlackElo "2436"]
[TimeControl "180+1"]
[EndTime "8:26:09 PST"]
[Termination "oneshot007 won by resignation"]

1. e4 c5 2. Nc3 Nc6 3. Bb5 Nd4 4.
Nf3 a6 5. Bd3 e6 6. O-O Nc6 7. e5 f5 8. a4 g5 9. Kh1 Bg7 10. Bc4 g4 11. d4 gxf3 12. Qxf3 cxd4 13. Qh5+ Kf8 14. b3 Nxe5 15. Bxe6 dxe6 16. Ba3+ Ne7 17. f4 Ng6 18. Ne4 fxe4 19. f5 exf5 20. g4 f4 21. Rxf4+ Nxf4 22. Rf1 Kg8 23. Rxf4 Be6 24. Qg5 Ng6 0-1

[Event "Early-Titled-Tuesday-Blitz-February-27-2024"]
[Site "Chess.com"]
[Date "2024.02.27"]
[Round "3"]
[White "db-banana"]
[Black "ArtemDyachuk"]
[Result "0-1"]
[WhiteElo "2480"]
[BlackElo "2694"]
[TimeControl "180+1"]
[EndTime "8:26:11 PST"]
[Termination "ArtemDyachuk won by resignation"]

1. e4 c5 2. Nf3 d6 3. d3 g6 4. g3 Bg7 5. Bg2 Nc6 6. O-O Nf6 7.
c3 O-O 8. Re1 e5 9. a4 b6 10. Na3 d5 11. exd5 Nxd5 12. Nc4 Re8 13. Bg5 f6 14. Bd2 Be6 15. Ne3 Qd7 16. Nxd5 Bxd5 17. b4 cxb4 18. cxb4 Rad8 19. b5 Ne7 20. Bb4 Nf5 21. Bh3 Qb7 22. Nd2 Nd4 23. Bc3 Bf3 24.
Qb1 Ne2+ 25. Rxe2 Bxe2 26. Bg2 Qd7 27. Bc6 Qf5 28. Bxe8 Rxe8 29. Ne4 Bf3 30. Nd6 Qh3 31. Qa2+ Re6 32. Qxe6+ Qxe6 33. Nc4 Qh3 34. Ne3 Bh6 35. Ra2 Qe6 36. Rd2 f5 37. d4 exd4 38. Bxd4 f4 39. Bb2 fxe3 40. Rd8+ 0-1

[Event "Early-Titled-Tuesday-Blitz-February-27-2024"]
[Site "Chess.com"]
[Date "2024.02.27"]
[Round "3"]
[White "leclash"]
[Black "dorpato"]
[Result "1-0"]
[WhiteElo "2398"]
[BlackElo "2108"]
[TimeControl "180+1"]
[EndTime "8:26:13 PST"]
[Termination "leclash won by resignation"]

1. d4 Nf6 2. c4 g6 3. Nc3 d5 4.
h4 h5 5. Bf4 b6 6. e3 Bb7 7. Nf3 Bg7 8. Rc1 O-O 9. cxd5 Nxd5 10. Nxd5 Qxd5 11. Rxc7 e6 12. Bc4 Qa5+ 13. Qd2 Bxf3 14. Qxa5 bxa5 15. gxf3 Kh8 16. Ke2 Kh7 17. Bd3 Kg8 18. Be4 1-0

[Event "Early-Titled-Tuesday-Blitz-February-27-2024"]
[Site "Chess.com"]
[Date "2024.02.27"]
[Round "3"]
[White "urano56"]
[Black "santosalberto1987"]
[Result "1-0"]
[WhiteElo "2331"]
[BlackElo "2556"]
[TimeControl "180+1"]
[EndTime "8:26:18 PST"]
[Termination "urano56 won by resignation"]

1. e4 e6 2. d4 d5 3. Nc3 Nf6 4. e5 Nfd7 5. f4 c5 6. Nf3 Nc6 7. Be3 Qb6 8. Qd2 Qxb2 9. Rb1 Qa3 10. Bb5 c4 11. Ne2 Qa5 12. c3 Be7 13. O-O O-O 14. f5 exf5 15. Nf4 a6 16. Bxc6 bxc6 17. Nh5 g6 18. Ng3 Re8 19. Kh1 Nf8 20. Rg1 Be6 21. Bh6 Rab8 22. Rbc1 Qa3 23. Rc2 Rb5 24. h4 Reb8 25.
h5 Rb2 26. hxg6 hxg6 27. Rgc1 Rxc2 28. Rxc2 Rb1+ 29. Kh2 c5 30. dxc5 Bxc5 31. Qg5 Rb2 32. Qf6 1-0

[Event "Early-Titled-Tuesday-Blitz-February-27-2024"]
[Site "Chess.com"]
[Date "2024.02.27"]
[Round "3"]
[White "Fighter008"]
[Black "Genghis_K"]
[Result "0-1"]
[WhiteElo "2530"]
[BlackElo "2941"]
[TimeControl "180+1"]
[EndTime "8:26:20 PST"]
[Termination "Genghis_K won by resignation"]

1. e4 c5 2. Nf3 d6 3. d4 cxd4 4. Nxd4 Nf6 5. Nc3 a6 6. Be3 Ng4 7. Bc1 Nc6 8. Nb3 e5 9. Be2 Nf6 10. Bg5 Be7 11. Qd2 O-O 12. O-O-O Be6 13. f4 exf4 14. Bxf4 Ne5 15. Nd4 Rc8 16. Nxe6 fxe6 17. Bxe5 dxe5 18. Qxd8 Rfxd8 19. Rxd8+ Bxd8 20. Rd1 Ba5 21.
Bf3 Bxc3 22. bxc3 Rxc3 23. Kb2 Rc6 24. Rd8+ Kf7 25. Rb8 Rc7 26. Rd8 Ke7 27. Rd2 Nd7 28. a4 Rc4 29. Kb3 b5 30. axb5 axb5 31. Be2 Nc5+ 32. Ka3 b4+ 33. Kb2 Rxe4 34. Bb5 Rd4 35. Re2 e4 36. c3 bxc3+ 37. Kxc3 e5 38. Bc4 Na4+ 39. Kb4 Nb6 40. Kc5 Nxc4 0-1

[Event "Early-Titled-Tuesday-Blitz-February-27-2024"]
[Site "Chess.com"]
[Date "2024.02.27"]
[Round "3"]
[White "IsaqueGoncalvesSanto"]
[Black "NM_Antelacus"]
[Result "0-1"]
[WhiteElo "1760"]
[BlackElo "2253"]
[TimeControl "180+1"]
[EndTime "8:26:20 PST"]
[Termination "NM_Antelacus won on time"]

1. d4 Nf6 2. c4 e6 3. Nc3 Bb4 4. e3 O-O 5. Ne2 b6 6. a3 Bxc3+ 7. Nxc3 Bb7 8. f3 d5 9. b4 Nbd7 10. cxd5 exd5 11. Bd3 c5 12. bxc5 bxc5 13. dxc5 Nxc5 14. Bc2 Ba6 15. Kf2 Re8 16. Re1 Qd6 17. Kg1 Rad8 18. Qd4 Ne6 19. Qh4 Qc5 20. Bd2 d4 21. Rac1 dxc3 22. Bxc3 Qg5 23. Bxf6 Qxf6 24. Qxh7+ Kf8 25.
Ba4 Bd3 26. Bxe8 Bxh7 0-1

[Event "Early-Titled-Tuesday-Blitz-February-27-2024"]
[Site "Chess.com"]
[Date "2024.02.27"]
[Round "3"]
[White "Chemim21"]
[Black "aistrel"]
[Result "0-1"]
[WhiteElo "2215"]
[BlackElo "2547"]
[TimeControl "180+1"]
[EndTime "8:26:22 PST"]
[Termination "aistrel won by checkmate"]

1. e4 c6 2. d4 d5 3. Nc3 dxe4 4. Nxe4 Nf6 5. Ng3 h5 6. Nf3 h4 7. Ne2 Bg4 8. Ne5 Bh5 9. Qd3 Nbd7 10. Nf4 e6 11.
Nxh5 Rxh5 12. Qb3 Nxe5 13. dxe5 Rxe5+ 14. Be2 Qb6 15. Be3 Qxb3 16. axb3 Nd5 17. Bd2 Bb4 18.
c3 Bc5 19. b4 Bb6 20. Kf1 O-O-O 21. c4 Nf6 22. Bc3 Bd4 23. Bxd4 Rxd4 24. Rxa7 Rde4 25.
Ra8+ Kc7 26. Rf8 Rxe2 27. Rxf7+ Kb6 28. f4 Re1+ 29. Kf2 R5e2+ 30. Kf3 Re3+ 31. Kf2 Ng4# 0-1

[Event "Early-Titled-Tuesday-Blitz-February-27-2024"]
[Site "Chess.com"]
[Date "2024.02.27"]
[Round "3"]
[White "Gabrielian_Artur"]
[Black "FLYD"]
[Result "1-0"]
[WhiteElo "2782"]
[BlackElo "1840"]
[TimeControl "180+1"]
[EndTime "8:26:23 PST"]
[Termination "Gabrielian_Artur won by checkmate"]

1. e4 e5 2. Nc3 Nf6 3. g3 g6 4.
Bg2 Bg7 5. Nge2 c5 6. d3 d6 7. O-O O-O 8. f4 Nc6 9. f5 a6 10. h3 b5 11. g4 b4 12. Nd5 Nd4 13. Bg5 h6 14. Nxf6+ Bxf6 15. Bxh6 Bg7 16. Bxg7 Kxg7 17.
Nxd4 exd4 18. f6+ Kh7 19. g5 Be6 20. Rf4 Rh8 21. Rh4+ Kg8 22. Rxh8+ Kxh8 23. Qe1 Qg8 24. Qh4+ Qh7 25. Qg3 Rd8 26. Rf1 Kg8 27. Rf4 Qh5 28. Kh2 c4 29. Rh4 Qe2 30. Rh6 cxd3 31. cxd3 Bg4 32.
hxg4 Rc8 33. Qh4 Kf8 34. Rh8# 1-0

[Event "Early-Titled-Tuesday-Blitz-February-27-2024"]
[Site "Chess.com"]
[Date "2024.02.27"]
[Round "3"]
[White "FredddieCroderg"]
[Black "mightysmasher"]
[Result "1-0"]
[WhiteElo "2303"]
[BlackElo "2546"]
[TimeControl "180+1"]
[EndTime "8:26:23 PST"]
[Termination "FredddieCroderg won by checkmate"]

1. e4 e6 2. d4 d5 3. exd5 exd5 4. Bd3 Nf6 5. Nf3 Bd6 6. O-O O-O 7. c3 c6 8. Bg5 Bg4 9. Nbd2 Nbd7 10. Qc2 Qc7 11.
Rfe1 Rfe8 12. Bh4 h6 13. Bg3 Bxg3 14. hxg3 b6 15. Nf1 c5 16. Ne3 Bxf3 17. gxf3 c4 18. Bf1 Nf8 19. Nf5 Re6 20. Rxe6 fxe6 21. Ne3 Re8 22.
Bh3 e5 23. dxe5 Rxe5 24. f4 Re8 25. Rd1 Rd8 26. Qd2 Ne4 27. Qd4 Nf6 28. Nxc4 Re8 29.
Ne5 b5 30. Bg2 Ne6 31. Bxd5 Nxd5 32. Qxd5 Kh7 33. Qe4+ Kh8 34. Rd7 Qb6 35. Nf7+ Kg8 36. Nxh6+ Kh8 37. Nf7+ Kg8 38. Ng5 Nc7 39. Qh7+ Kf8 40.
Qxg7# 1-0

[Event "Early-Titled-Tuesday-Blitz-February-27-2024"]
[Site "Chess.com"]
[Date "2024.02.27"]
[Round "3"]
[White "Road2GM3000"]
[Black "Viktor_Poddubnyi"]
[Result "1-0"]
[WhiteElo "2436"]
[BlackElo "2226"]
[TimeControl "180+1"]
[EndTime "8:26:23 PST"]
[Termination "Road2GM3000 won on time"]

1. d4 g6 2. c4 Bg7 3. Nc3 c5 4. d5 f5 5. e4 Bxc3+ 6. bxc3 fxe4 7. f3 d6 8. fxe4 e5 9. Nf3 h6 10. Be2 Kd7 11. O-O Kc7 12. Qe1 g5 13. Qg3 Nf6 14. Bd3 Nbd7 15. Bxg5 hxg5 16. Nxg5 Nh5 17. Ne6+ Kb8 18. Nxd8 Nxg3 19. Nf7 Nxf1 20. Nxh8 Ne3 21. h3 Nb6 22. Re1 Nexc4 23. g4 Kc7 24. Rf1 Bd7 25. Ng6 Rg8 26. Rf6 Nb2 27. Bc2 Nc8 28.
Kh2 Nc4 29. Kg3 Kd8 30. h4 Ne7 31. h5 Nxg6 32. hxg6 1-0

[Event "Early-Titled-Tuesday-Blitz-February-27-2024"]
[Site "Chess.com"]
[Date "2024.02.27"]
[Round "3"]
[White "Dyadya81"]
[Black "RandomNoob04"]
[Result "1-0"]
[WhiteElo "2849"]
[BlackElo "2628"]
[TimeControl "180+1"]
[EndTime "8:26:25 PST"]
[Termination "Dyadya81 won by resignation"]

1. e4 e5 2. Nf3 Nf6 3. Nxe5 Nxe4 4. Qe2 Qe7 5. Qxe4 d6 6. d4 dxe5 7. dxe5 Nc6 8. Nc3 Qxe5 9. Bf4 Qxe4+ 10. Nxe4 Bf5 11.
Bd3 Nb4 12. Nf6+ gxf6 13. Bxf5 Nd5 14. Bd2 Bd6 15. O-O-O O-O 16. Bh6 Bf4+ 17. Bxf4 Nxf4 18. Rd7 Rfe8 19. g3 Ng6 20. Rxc7 Re2 21. f4 b6 22. Bd3 Rf2 23. Bc4 Kh8 24. Bxf7 Rd8 25. Rxa7 Rdd2 26. Bxg6 hxg6 27. Rc7 Rxh2 28. Rxh2+ Rxh2 29. Rc6 Kg7 30. Rxb6 Rg2 31. Rb3 Kh6 32. a4 Kh5 33. a5 Kg4 34. a6 Rh2 35. a7 Rh8 36. Rb8 Rh1+ 37. Kd2 Ra1 38. a8=Q 1-0

[Event "Early-Titled-Tuesday-Blitz-February-27-2024"]
[Site "Chess.com"]
[Date "2024.02.27"]
[Round "3"]
[White "LastGladiator1"]
[Black "xasid81"]
[Result "1-0"]
[WhiteElo "2976"]
[BlackElo "2533"]
[TimeControl "180+1"]
[EndTime "8:26:26 PST"]
[Termination "LastGladiator1 won by resignation"]

1. c4 c6 2. Qa4 Nf6 3. Nc3 d5 4. cxd5 Nxd5 5. e4 Nxc3 6. bxc3 g6 7. h4 h5 8. Nf3 Bg7 9. d4 Nd7 10. Qb3 O-O 11. Ba3 b6 12. e5 Nb8 13. Ng5 c5 14. Bd3 e6 15. Be4 Nc6 16. Bxc6 Rb8 17. Rd1 Ba6 18.
Bb5 Bb7 19. O-O Qc7 20. Be2 Rfd8 21. Bc1 cxd4 22. cxd4 Bd5 23. Qb1 Rbc8 24. Bxh5 gxh5 25. Qh7+ Kf8 26. Ba3+ Ke8 27. Rc1 Qxc1 28. Qg8+ Kd7 29. Qxf7+ Kc6 30. Rxc1+ Kb5 31. Rxc8 Rxc8 32. Qxg7 Rc2 33.
Qd7+ Bc6 34. Qxe6 Ka6 35. Qb3 Re2 36. d5 Bb5 37. e6 Re1+ 38. Kh2 Bc4 39. Qxc4+ 1-0

[Event "Early-Titled-Tuesday-Blitz-February-27-2024"]
[Site "Chess.com"]
[Date "2024.02.27"]
[Round "3"]
[White "mjray79"]
[Black "Polish_fighter3000"]
[Result "0-1"]
[WhiteElo "2754"]
[BlackElo "3078"]
[TimeControl "180+1"]
[EndTime "8:26:27 PST"]
[Termination "Polish_fighter3000 won by checkmate"]

1. d4 Nf6 2. c4 e6 3. Nf3 b6 4. g3 Ba6 5. Qc2 Bb7 6. Bg2 c5 7. d5 exd5 8. cxd5 Nxd5 9. O-O Nc6 10. Rd1 Be7 11. a3 Nc7 12. Bf4 Ne6 13. e3 O-O 14. Nc3 Nxf4 15. exf4 h6 16. Rd2 d6 17. Rad1 Qe8 18. Nd5 Rd8 19. Re1 Qd7 20. Ne5 dxe5 21. Nf6+ Bxf6 22. Rxd7 Rxd7 23. fxe5 Nxe5 24. Qf5 Bxg2 25.
Kxg2 Re7 26. f4 Ng6 27. Rxe7 Nxe7 28. Qd7 Nc8 29. b4 c4 30. Qc6 c3 31. g4 Ne7 32.
Qe4 Rc8 33. Qc2 Nd5 34. Kf3 Rc4 35. Qb3 Rxf4+ 36. Ke2 Re4+ 37. Kd3 Rd4+ 38. Kc2 Ne3+ 39. Kxc3 Rd5# 0-1

[Event "Early-Titled-Tuesday-Blitz-February-27-2024"]
[Site "Chess.com"]
[Date "2024.02.27"]
[Round "3"]
[White "KononenkoD"]
[Black "Flaccidmoves"]
[Result "1/2-1/2"]
[WhiteElo "2618"]
[BlackElo "2452"]
[TimeControl "180+1"]
[EndTime "8:26:29 PST"]
[Termination "Game drawn by repetition"]

1. d4 Nf6 2. c4 g6 3. Nc3 d5 4.
cxd5 Nxd5 5. e4 Nxc3 6. bxc3 Bg7 7. Nf3 c5 8. Rb1 O-O 9. Be2 Nc6 10. d5 Bxc3+ 11. Bd2 Bxd2+ 12. Qxd2 Nd4 13. Nxd4 cxd4 14.
Qxd4 Qa5+ 15. Qd2 Qxd2+ 16. Kxd2 Rd8 17. Ke3 e6 18. dxe6 Bxe6 19. Rxb7 Bxa2 20. Ra1 Be6 21. Raxa7 Rxa7 22. Rxa7 g5 23. h3 Rb8 24. Ra3 Kg7 25. f4 gxf4+ 26. Kxf4 Rb4 27. Bf3 h6 28. Ra7 Rd4 29.
Ke5 Rb4 30. h4 Rb5+ 31. Kf4 Rb4 32. g3 Rc4 33. Ra3 Rb4 34. Re3 Rc4 35. h5 Rc5 36. e5 Rc4+ 37. Re4 Rc3 38. Rd4 Ra3 39.
Bg4 Bxg4 40. Kxg4 Re3 41. Kf4 Re1 42. g4 Rf1+ 43. Ke4 Re1+ 44. Kd5 Re2 45. Kd6 Re1 46. Kd5 Re2 47. Re4 Rd2+ 48. Kc4 Rd1 49. Rd4 Re1 50. Kd5 1/2-1/2

[Event "Early-Titled-Tuesday-Blitz-February-27-2024"]
[Site "Chess.com"]
[Date "2024.02.27"]
[Round "3"]
[White "DonCiao"]
[Black "ReinisUz"]
[Result "1/2-1/2"]
[WhiteElo "2102"]
[BlackElo "2383"]
[TimeControl "180+1"]
[EndTime "8:26:30 PST"]
[Termination "Game drawn by repetition"]

1. c4 c5 2. g3 Nc6 3. Bg2 g6 4. Nc3 Bg7 5. Nf3 e5 6. O-O Nge7 7. a3 O-O 8. Rb1 a5 9. Ne1 d6 10. Nc2 Bf5 11. d3 Be6 12. Ne3 f5 13. Ned5 h6 14. Bd2 Kh7 15. e3 a4 16. Nxa4 Bxd5 17. cxd5 Nb8 18.
Nc3 Nd7 19. e4 f4 20. f3 g5 21. Bh3 Nf6 22. Be6 Qb6 23. Kg2 Qa6 24. Qe2 b5 25. h4 gxh4 26. gxf4 Nh5 27. f5 Bf6 28. Kh3 Bg5 29. Rg1 Ng8 30. Bxg5 hxg5 31. Rxg5 Nf4+ 32. Kxh4 Nxe2 33. Rh1 Nh6 34. Rg6 Nf4 35. Kg5 Nxg6 36. Rxh6+ Kg7 37. Rxg6+ Kh8 38. Rh6+ Kg7 39. Rg6+ Kh8 40.
Rh6+ Kg7 41. Rg6+ 1/2-1/2

[Event "Early-Titled-Tuesday-Blitz-February-27-2024"]
[Site "Chess.com"]
[Date "2024.02.27"]
[Round "3"]
[White "Zohid6"]
[Black "Herman-NY"]
[Result "1-0"]
[WhiteElo "2856"]
[BlackElo "2516"]
[TimeControl "180+1"]
[EndTime "8:26:33 PST"]
[Termination "Zohid6 won on time"]

1. e4 e5 2. Nf3 Nc6 3. Bb5 a6 4. Ba4 Nf6 5. O-O b5 6. Bb3 Bc5 7.
c3 O-O 8. d4 Bb6 9. Re1 d6 10.
a4 Rb8 11. axb5 axb5 12. h3 Bb7 13. Bg5 h6 14. Bh4 Ne7 15. Bxf6 gxf6 16. Nh4 Qd7 17. Na3 Kg7 18. Re3 exd4 19. cxd4 Kh7 20. Nc2 Rg8 21.
Qh5 Rg7 22. Rf3 d5 23. Rxf6 Ng6 24. Nf5 1-0

[Event "Early-Titled-Tuesday-Blitz-February-27-2024"]
[Site "Chess.com"]
[Date "2024.02.27"]
[Round "3"]
[White "Sadykov_Ramil"]
[Black "szachmistrz2500"]
[Result "0-1"]
[WhiteElo "2583"]
[BlackElo "2417"]
[TimeControl "180+1"]
[EndTime "8:26:33 PST"]
[Termination "szachmistrz2500 won by checkmate"]

1. d4 d5 2. Bf4 Nf6 3. Nc3 c6 4. e3 Bf5 5. Nf3 h6 6. Ne5 Nbd7 7. g4 Bh7 8. Bd3 Bxd3 9. Nxd3 e6 10. Qf3 Nb6 11.
h4 Nc4 12. g5 hxg5 13. hxg5 Rxh1+ 14. Qxh1 Nd7 15. g6 f6 16. Qh7 Qe7 17. O-O-O O-O-O 18. Qg8 e5 19. Bg3 e4 20. Nc5 b6 21. Nxd7 Qb4 22.
Na4 Qxa4 23. Nxf8 Qxa2 24. Qe6+ Kb7 25. Qe7+ Ka6 26. Qb4 Qa1# 0-1

[Event "Early-Titled-Tuesday-Blitz-February-27-2024"]
[Site "Chess.com"]
[Date "2024.02.27"]
[Round "3"]
[White "Heinza9"]
[Black "xakevicius91"]
[Result "1-0"]
[WhiteElo "2341"]
[BlackElo "2560"]
[TimeControl "180+1"]
[EndTime "8:26:34 PST"]
[Termination "Heinza9 won by resignation"]

1. e4 c5 2. Nf3 a6 3. c4 Nc6 4. Nc3 e5 5. d3 Nge7 6. Be2 g6 7. O-O Bg7 8. Nd5 O-O 9. h3 d6 10. Nh2 f5 11. f4 Be6 12. Rb1 b5 13. b3 Nd4 14. Be3 Rc8 15. Nf3 fxe4 16. dxe4 Nxe2+ 17. Qxe2 Bxd5 18. exd5 exf4 19. Bd2 Qd7 20. Ng5 Be5 21. Ne6 Rf7 22. Bxf4 Bxf4 23. Rxf4 Rxf4 24. Nxf4 Nf5 25. Ne6 Re8 26. Re1 Re7 27. Qd2 b4 28. Rf1 Qe8 29.
Qg5 Rf7 30. g4 Ng7 31. Rxf7 Kxf7 32. Qf4+ Kg8 33. Qxd6 Nxe6 34. dxe6 Qf8 35. e7 Qe8 36. Qe6+ Kg7 37. g5 a5 38. Qf6+ Kg8 39. h4 Qb8 40.
Qe6+ Kg7 41. e8=Q Qg3+ 42. Kf1 Qf3+ 43. Ke1 Qc3+ 44. Ke2 Qc2+ 45. Ke3 Qc1+ 46. Ke4 Qh1+ 47. Ke5 Qh2+ 48. Kd5 Qd2+ 1-0

[Event "Early-Titled-Tuesday-Blitz-February-27-2024"]
[Site "Chess.com"]
[Date "2024.02.27"]
[Round "3"]
[White "Aleksandar-Topalov"]
[Black "deepfear"]
[Result "1-0"]
[WhiteElo "2344"]
[BlackElo "1973"]
[TimeControl "180+1"]
[EndTime "8:26:34 PST"]
[Termination "Aleksandar-Topalov won on time"]

1. b3 e5 2. Bb2 Nc6 3. e3 d6 4. c4 Bf5 5. a3 Nf6 6. Nf3 Be7 7. Be2 O-O 8. O-O h6 9. d4 exd4 10. Nxd4 Nxd4 11. Qxd4 Qd7 12. Nc3 c6 13. b4 Qe6 14.
Bf3 Rad8 15. Qxa7 Rd7 16. Qd4 Rfd8 17. Rac1 Ne8 18. Qd2 Bf6 19. Rfd1 Nc7 20. Na4 Bxb2 21. Qxb2 Bg4 22. Bxg4 Qxg4 23. h3 Qg6 24. Qc2 Qg5 25.
Rd4 1-0

[Event "Early-Titled-Tuesday-Blitz-February-27-2024"]
[Site "Chess.com"]
[Date "2024.02.27"]
[Round "3"]
[White "kids2010"]
[Black "Boundless_Strike"]
[Result "1-0"]
[WhiteElo "2903"]
[BlackElo "2608"]
[TimeControl "180+1"]
[EndTime "8:26:35 PST"]
[Termination "kids2010 won by checkmate"]

1. e4 d6 2. d4 e5 3. Nf3 Bg4 4.
dxe5 Nc6 5. Bb5 Qd7 6. Nc3 O-O-O 7. O-O a6 8. Ba4 Qe8 9. e6 fxe6 10. h3 h5 11. Qd3 Bxf3 12. Qxf3 Be7 13. b4 g5 14. b5 axb5 15. Nxb5 g4 16. Qb3 Qf7 17. Rb1 Rf8 18. Nd4 Nxd4 19. Qxb7+ Kd8 20. Qb8# 1-0

[Event "Early-Titled-Tuesday-Blitz-February-27-2024"]
[Site "Chess.com"]
[Date "2024.02.27"]
[Round "3"]
[White "Preobrazhenska_D2011"]
[Black "MKlose11"]
[Result "1-0"]
[WhiteElo "2440"]
[BlackElo "2594"]
[TimeControl "180+1"]
[EndTime "8:26:36 PST"]
[Termination "Preobrazhenska_D2011 won by checkmate"]

1. e4 e6 2. d4 d5 3. Nc3 Bb4 4. e5 Ne7 5. Qg4 g6 6. Bg5 c5 7.
Nf3 h5 8. Qf4 cxd4 9. Nxd4 Nbc6 10. Bf6 Nxd4 11. Qxd4 Nc6 12. Bb5 Qa5 13. Bxc6+ bxc6 14. Bxh8 c5 15. Qd2 d4 16. O-O dxc3 17. bxc3 Bxc3 18.
Qd6 Qd8 19. Qxd8+ Kxd8 20. Rad1+ Kc7 21. Rd3 Bd4 22. Ra3 c4 23. Rf3 Kc6 24. Rxf7 Kd5 25. Rd1 c3 26. Rf4 Rb8 27. Rfxd4+ Kc5 28. Bf6 Rb2 29.
Be7+ Kc6 30. Rc4+ Kb7 31. Rxc3 Rxa2 32. Rb1+ Ka6 33. Rxc8 h4 34. Rc6+ Ka5 35. Bd8+ Ka4 36. Ra6# 1-0